 Dungeon Crawl Stone Soup version 0.17-a0-1591-g7a45446 (webtiles) character file.

150560 karlkraus the Peltast (level 16, -6/149 HPs)
             Began as a Minotaur Fighter on July 28, 2015.
             Was the Champion of Qazlal.
             Mangled by a snapping turtle (9 damage)
             ... on level 2 of the Shoals on July 29, 2015.
             The game lasted 02:59:20 (25724 turns).

karlkraus the Peltast (Minotaur Fighter)           Turns: 25724, Time: 02:59:20

Health: -6/149     AC: 32    Str: 26    XL:     16   Next: 99%
Magic:  0/16       EV: -3    Int:  5    God:    Qazlal [******]
Gold:   2351       SH:  0    Dex: 14    Spells: 0 memorised, 15 levels left

rFire  . . .     SeeInvis .     g - +9 flail (protect)
rCold  . . .     Clarity  .     p - +0 plate armour {rPois}
rNeg   + + +     SustAt   .     h - +2 large shield {AC+3}
rPois  ∞         Gourm    .     (helmet unavailable)
rElec  .         Spirit   +     D - +0 cloak
rCorr  .         Warding  .     Q - +0 pair of gloves
rMut   .         Stasis   .     w - +0 pair of boots
MR     +++..                    f - amulet of guardian spirit
Stlth  ..........               C - +4 ring of slaying
                                k - ring of protection from magic

@: petrified, protected from physical damage, repel missiles, extremely
resistant to hostile enchantments, extremely unstealthy
A: retaliatory headbutt, hooves 1, horns 3, agile 1, breathe flames 1, magic
resistance 1
a: Upheaval, Elemental Force, Disaster Area, Renounce Religion, Breathe Fire


You were on level 2 of the Shoals.
You worshipped Qazlal.
Qazlal was exalted by your worship.
You were near starving.

You visited 7 branches of the dungeon, and saw 33 of its levels.

You collected 2774 gold pieces.
You spent 371 gold pieces at shops.

Inventory:

Hand weapons
 b - the +9 quarterstaff of Fedhas's Condemnation {elec, rF++ Str-5 Int+5}
   (You found it on level 9 of the Dungeon)

   Occasionally, upon striking a foe, it will discharge some electrical energy
   and cause terrible harm.
   It affects your strength (-5).
   It affects your intelligence (+5).
   It greatly protects you from fire.
 g - a +9 flail of protection (weapon)
Armour
 h - a +2 large shield of protection (worn)
 p - a +0 plate armour of poison resistance (worn)
 w - a +0 pair of boots (worn)
 D - a +0 cloak (worn)
 O - the +3 hat "Plog" {rElec MP+9}
   (You acquired it on level 2 of the Orcish Mines)

   It insulates you from electricity.
   It affects your magic capacity (+9).
 Q - a +0 pair of gloves (worn)
Jewellery
 f - an amulet of guardian spirit (around neck)
 k - a ring of protection from magic (left hand)
 u - an uncursed ring of protection from fire
 C - a +4 ring of slaying (right hand)
 J - an uncursed ring of protection from cold
 P - an uncursed amulet of clarity
 T - an uncursed ring of positive energy
Magical devices
 c - a wand of disintegration (2)
 q - a wand of frost (14)
 y - a wand of magic darts (28)
 I - a wand of confusion (25)
 N - a wand of fire (7)
 V - a wand of draining (4)
 Y - a wand of disintegration (7)
Scrolls
 m - 4 scrolls of recharging
 n - 7 scrolls of magic mapping
 o - 7 scrolls of teleportation
 t - a scroll of holy word
 E - a scroll of identify
 F - a scroll of silence
 M - 11 scrolls of remove curse
 Z - a scroll of fear
Potions
 d - a potion of agility
 i - 6 potions of flight
 j - 6 potions of curing
 s - 4 potions of brilliance
 v - 3 potions of lignification
 B - a potion of haste
 W - 2 potions of resistance
Miscellaneous
 x - a legendary deck of changes {drawn: 2}
 L - a fan of gales
 U - a lamp of fire (inert)
 X - a disc of storms
Comestibles
 a - 5 beef jerkies
 e - 15 bread rations
 l - 9 slices of pizza
 r - 32 fruits
 z - 4 royal jellies
 A - 16 meat rations


   Skills:
 + Level 15.5 Fighting
 + Level 19.2 Maces & Flails
 + Level 14.1 Armour
 + Level 6.3 Dodging
 + Level 2.2 Stealth
 + Level 20.1 Shields
 + Level 2.2 Evocations


You had 15 spell levels left.
You didn't know any spells.

Dungeon Overview and Level Annotations

Branches:
Dungeon (13/15)            Temple (1/1) D:4            Lair (8/8) D:8
 Shoals (2/4) Lair:3       Spider (2/4) Lair:3        Slime (0/6) Lair:7
    Orc (4/4) D:10            Elf (3/3) Orc:3        Vaults (0/5) D:13

Altars:
Ashenzari
Cheibriados
Dithmenos
Elyvilon
Fedhas
Gozag
Kikubaaqudgha
Makhleb
Nemelex Xobeh
Okawaru
Qazlal
Ru
Sif Muna
Trog
Vehumet
Xom
Yredelemnul
Zin
The Shining One
Beogh

Shops:
D:4 }   D:6 =   D:10 (:*((   Elf:1 =   Elf:3 ?   Shoals:1 %   Shoals:2 =

Annotations:
D:5 1 runed door
Shoals:2 Polyphemus
Orc:4 Saint Roka
Elf:2 1 runed door


Innate Abilities, Weirdness & Mutations

You reflexively headbutt those who attack you in melee.
You have a pair of large horns on your head.
You have large cloven feet.
You are agile. (Dex +2)
You can breathe flames.
You are resistant to hostile enchantments.


Message History

You feel more protected from physical attacks.
The merfolk hits you from afar with a trident!
* * * LOW HITPOINT WARNING * * *
The death yak is engulfed in freezing vapours.
The death yak gores you but does no damage. x3
The faun unwields an uncursed quarterstaff.
The faun wields a hunting sling.
The faun shoots a stone.
The stone is repelled.
The stone hits the death yak!
The death yak gores you!
* * * LOW HITPOINT WARNING * * *
The snapping turtle is engulfed in freezing vapours.
You kill the snapping turtle!
Qazlal accepts your kill.
The cyclops hits you but does no damage.
The siren is engulfed in a cloud of scalding steam.
The siren hits you from afar with a trident!
* * * LOW HITPOINT WARNING * * *
The faun shoots a stone.
The stone hits you but does no damage.
The merfolk hits you but does no damage.
The snapping turtle bites you from afar!!
You die...

≈≈≈≈≈. .≈≈≈≈≈
≈≈≈≈≈.###.≈≈≈≈≈
≈≈≈≈≈......≈c≈≈
≈≈≈≈≈.......c≈≈
≈≈≈≈≈≈[§....≈≈≈
≈≈≈.≈§≈§)..c≈≈≈
≈≈≈≈≈≈C)§c≈≈≈≈≈
..≈≈≈§Y@Yc≈≈≈..
).....YYYmH≈..#
.....tmmC§≈≈.##
..(.......m≈E§#
...........m§§§
..........m.≈≈≈
.............≈≈
.......%......≈


You could see Polyphemus, 2 merfolk impalers, 4 death yaks, a catoblepas, a
griffon, a satyr, a snapping turtle (roused), 2 merfolk, 4 fauns, a cyclops
(roused), 2 sirens and a friendly fire elemental.

Vanquished Creatures
  Arachne (Spider:2)
  Rupert (Lair:3)
  A deep elf blademaster (Elf:2)
  A deep elf master archer (Elf:3)
  Frances (Spider:1)
  Kirke (Shoals:1)
  Wiglaf (Elf:1)
  Maud (Orc:4)
  Aizul (Elf:2)
  Louise (Elf:2)
  A deep elf sorcerer (Elf:2)
  Nessos (Orc:4)
  4 deep elf annihilators (Elf:3)
  Azrael (Elf:1)
  5 vault guards (D:13)
  An ettin (Orc:4)
  A crystal guardian (Elf:3)
  A deep elf high priest (Elf:3)
  A merfolk impaler (Shoals:1)
  2 catoblepae
  4 hydras
  15 dancing weapons
  A centaur warrior (D:11)
  A deep troll shaman (Lair:8)
  2 ogre magi (D:13)
  10 death yaks (Lair:8)
  A satyr (Shoals:2)
  Urug (D:10)
  11 deep elf knights
  Sonja (Lair:3)
  Nergalle (D:10)
  An unseen horror (D:9)
  7 deep elf summoners (Elf:1)
  A hill giant (D:13)
  Pikel (D:3)
  A lindwurm (Lair:8)
  7 deep elf conjurers
  3 ugly things
  9 wolf spider zombies (Spider:1)
  6 oklob plants
  An orc sorcerer (Orc:4)
  A necromancer (Spider:1)
  A wolf spider (Spider:2)
  17 elephants
  4 manticores
  4 fauns
  6 black mambas
  A hornet (Spider:2)
  A gargoyle (D:13)
  3 sirens (Shoals:1)
  A torpor snail (Lair:7)
  A smoke demon (Lair:7)
  8 komodo dragons
  The ghost of simok the Cleaver, an experienced HOBe of Trog (D:4)
  14 spiny frogs
  A demonic crawler (Spider:1)
  A yaktaur (D:13)
  Eustachio (D:4)
  3 fire drakes
  A spriggan druid (Lair:5)
  A tengu conjurer (D:10)
  A polar bear (shapeshifter) (D:13)
  2 merfolk (Shoals:1)
  A red devil (Lair:7)
  9 trolls
  7 blink frogs
  11 deep elf priests
  4 snapping turtles
  A polar bear (Lair:5)
  6 tarantella zombies (Spider:1)
  2 slime creatures (D:13)
  A two-headed ogre (D:13)
  A shadow (D:11)
  A hill giant zombie (D:10)
  A tarantella (Spider:1)
  3 water elementals (Shoals:1)
  3 wyverns
  24 deep elf magi
  4 redbacks (Spider:2)
  A wraith (D:10)
  73 yaks
  25 deep elf fighters
  Grum (D:9)
  4 fire elementals (Elf:1)
  13 wolves
  A hog (Shoals:1)
  4 hungry ghosts
  4 basilisks
  19 water moccasins
  4 wargs
  Edmund (D:4)
  10 hippogriffs
  4 hell hounds (Elf:1)
  A soldier ant (D:12)
  8 spiders (Lair:3)
  7 black bears
  21 orc warriors
  3 phantoms
  13 ogres
  4 sky beasts
  13 porcupines
  A wasp (Lair:3)
  An eye of draining (D:10)
  An ice beast (D:6)
  7 centaurs
  A brain worm (D:13)
  Blork the orc (D:4)
  9 big kobolds
  21 crocodiles
  13 spider zombies (Spider:1)
  15 giant frogs
  2 scorpions
  A water moccasin skeleton (D:7)
  9 killer bees
  6 wights
  An electric eel (Lair:2)
  A wasp zombie (D:6)
  6 crimson imps
  5 hounds
  21 orc priests
  3 centaur zombies
  A giant frog skeleton (D:7)
  Ijyb (D:3)
  5 jellies
  23 orc wizards
  10 iguanas
  10 worker ants
  5 ogre zombies (D:10)
  43 sheep
  2 gnolls (D:4)
  10 adders
  58 river rats
  2 shadow imps
  An ooze (D:1)
  2 worms (D:5)
  6 giant geckos
  137 orcs
  2 bat skeletons
  A bat zombie (D:5)
  5 giant cockroaches
  15 hobgoblins
  14 jackals
  6 quokkas
  13 bats
  7 giant newts
  22 goblins
  2 goblin skeletons (D:10)
  2 goblin zombies (D:10)
  A hobgoblin skeleton (D:10)
  2 hobgoblin zombies (D:10)
  39 kobolds
  4 orc skeletons (D:10)
  8 orc zombies (D:10)
  19 rats
  10 bushes
  3 butterflies (Lair:1)
  83 fungi
  64 plants
1263 creatures vanquished.

Vanquished Creatures (collateral kills)
  An oklob plant (Lair:7)
  A deep elf mage (Elf:1)
2 creatures vanquished.

Vanquished Creatures (others)
  A deep elf summoner (Elf:2)
  Sigmund (D:6)
  A human (Shoals:1)
  2 slaves (D:4)
  8 fungi
  21 plants
34 creatures vanquished.

Grand Total: 1299 creatures vanquished

Notes
Turn   | Place    | Note
--------------------------------------------------------------
     0 | D:1      | karlkraus the Minotaur Fighter began the quest for the Orb.
     0 | D:1      | Reached XP level 1. HP: 19/19 MP: 0/0
    19 | D:1      | Reached XP level 2. HP: 22/27 MP: 1/1
    32 | D:1      | Reached skill level 4 in Shields
   435 | D:1      | Reached XP level 3. HP: 33/33 MP: 2/2
   841 | D:2      | Found a deep blue altar of Sif Muna.
   844 | D:2      | Found a burning altar of Makhleb.
   847 | D:2      | Found a sacrificial altar of Ru.
   847 | D:2      | Found an opulent altar of Gozag.
   847 | D:2      | Found a blossoming altar of Fedhas.
   847 | D:2      | Found an ancient bone altar of Kikubaaqudgha.
   849 | D:2      | Found a shattered altar of Ashenzari.
  1186 | D:3      | Noticed Ijyb
  1213 | D:3      | Killed Ijyb
  1213 | D:3      | Reached XP level 4. HP: 36/40 MP: 3/3
  1671 | D:3      | Reached XP level 5. HP: 36/46 MP: 4/4
  1819 | D:4      | Noticed an ogre
  1820 | D:4      | Reached skill level 5 in Shields
  1827 | D:4      | Killed an ogre
  1827 | D:4      | Reached skill level 5 in Armour
  1827 | D:4      | Reached XP level 6. HP: 32/53 MP: 5/5
  1991 | D:4      | Found a staircase to the Ecumenical Temple.
  1995 | D:4      | Noticed Eustachio
  1996 | D:4      | Noticed a slave
  1997 | D:4      | Noticed Pikel
  1997 | D:4      | Noticed a slave
  1997 | D:4      | Noticed a slave
  1998 | D:4      | Noticed a slave
  2026 | D:3      | Killed Pikel
  2026 | D:3      | Reached skill level 5 in Fighting
  2026 | D:3      | Reached skill level 5 in Maces & Flails
  2026 | D:3      | Reached skill level 1 in Dodging
  2026 | D:3      | Reached skill level 6 in Shields
  2026 | D:3      | Reached XP level 7. HP: 47/61 MP: 6/6
  2049 | D:4      | Killed a freed slave
  2050 | D:4      | Noticed Blork the orc
  2054 | D:4      | Killed Blork the orc
  2056 | D:4      | Killed a freed slave
  2059 | D:4      | Found Lioxeof's Gadget Shoppe.
  2151 | D:4      | Killed Eustachio
  2151 | D:4      | Reached skill level 7 in Shields
  2250 | D:4      | Noticed simok's ghost (experienced HOBe)
  2278 | D:4      | Killed simok's ghost
  2278 | D:4      | Reached XP level 8. HP: 24/70 MP: 7/7
  2281 | Temple   | Entered the Ecumenical Temple
  2359 | Temple   | Became a worshipper of Qazlal Stormbringer
  2410 | D:4      | Noticed Edmund
  2434 | D:4      | Killed Edmund
  2819 | D:5      | Entered Level 5 of the Dungeon
  3246 | D:5      | Reached skill level 8 in Shields
  3304 | D:5      | Acquired Qazlal's first power
  3320 | D:5      | Found a glowing golden altar of the Shining One.
  3320 | D:5      | Found a runed door.
  3320 | D:5      | Noticed an angel
  3495 | D:6      | Reached XP level 9. HP: 43/78 MP: 8/8
  3520 | D:6      | Noticed Sigmund
  3538 | D:6      | Killed Sigmund
  3896 | D:6      | Found an iron altar of Okawaru.
  4043 | D:6      | Reached skill level 9 in Shields
  4155 | D:6      | Found Homach's Jewellery Boutique.
  4162 | D:6      | Bought an uncursed ring of protection from magic for 275 gold pieces
  4334 | D:7      | Acquired Qazlal's second power
  4500 | D:7      | Found Dotedyk's Antique Armour Emporium.
  4596 | D:7      | Reached skill level 1 in Stealth
  4601 | D:7      | Gained mutation: You have large cloven feet. [mutagenic meat]
  4603 | D:7      | Gained mutation: You expend magic power (3 MP) to strengthen your wands. [mutagenic meat]
  4604 | D:7      | Lost mutation: You expend magic power (3 MP) to strengthen your wands. [mutagenic meat]
  4694 | D:7      | Got a bloodstained long sword
  4978 | D:8      | Reached skill level 10 in Shields
  4986 | D:8      | Acquired Qazlal's third power
  4986 | D:8      | Reached XP level 10. HP: 72/88 MP: 9/9
  5004 | D:8      | Found a staircase to the Lair.
  5999 | D:8      | Reached skill level 11 in Shields
  6335 | D:9      | Reached skill level 10 in Maces & Flails
  6472 | D:9      | Acquired Qazlal's fourth power
  6548 | D:9      | Noticed Grum
  6563 | D:9      | Killed Grum
  6629 | D:9      | Got a dazzling quarterstaff
  6740 | D:9      | Killed an unseen horror
  7142 | D:10     | Entered Level 10 of the Dungeon
  7152 | D:10     | Reached XP level 11. HP: 93/97 MP: 10/10
  7191 | D:10     | Found Kubb's Book Shop.
  7272 | D:10     | Found Isim's General Store.
  7324 | D:10     | Reached skill level 12 in Shields
  7381 | D:10     | Acquired Qazlal's fifth power
  7411 | D:10     | Found a staircase to the Orcish Mines.
  7632 | D:10     | Reached skill level 10 in Armour
  7697 | D:10     | Found Raurho's Antique Weapon Emporium.
  7720 | D:10     | Noticed Nergalle
  7722 | D:10     | Noticed a spectral orc warlord
  7737 | D:10     | Killed Nergalle
  7970 | D:10     | Found Cifeofaa's Antique Weapon Shoppe.
  8048 | D:10     | Noticed Urug
  8062 | D:10     | Killed Urug
  8078 | D:10     | Found Puqup's Weapon Shoppe.
  8089 | D:10     | Reached skill level 10 in Fighting
  8255 | Lair:1   | Entered Level 1 of the Lair of Beasts
  8672 | Lair:1   | Reached skill level 13 in Shields
  9151 | Lair:2   | Identified the cursed +3 long sword of Brutal Revenge {drain, rElec MR+ Str+2} (You found it on level 7 of the Dungeon)
  9226 | Lair:2   | Reached XP level 12. HP: 70/107 MP: 11/11
  9283 | Lair:2   | Noticed a seven-headed hydra
  9302 | Lair:2   | Killed a seven-headed hydra
  9890 | Lair:2   | Identified the +9 quarterstaff of Fedhas's Condemnation {elec, rF++ Str-5 Int+5} (You found it on level 9 of the Dungeon)
  9893 | Lair:2   | Gained mutation: You can breathe flames. [potion of beneficial mutation]
 10100 | Lair:3   | Noticed Sonja
 10111 | Lair:3   | Killed Sonja
 10123 | Lair:3   | Reached skill level 14 in Shields
 10185 | Lair:3   | Noticed Rupert
 10216 | Lair:3   | Killed Rupert
 10477 | Lair:3   | Found a hole to the Spider Nest.
 10484 | Lair:3   | Noticed a five-headed hydra
 10487 | Lair:3   | Killed a five-headed hydra
 10862 | Lair:3   | Found a staircase to the Shoals.
 11247 | Spider:1 | Entered Level 1 of the Spider Nest
 11249 | Spider:1 | Noticed Frances
 11261 | Spider:1 | Killed Frances
 11262 | Spider:1 | Reached skill level 1 in Evocations
 11262 | Spider:1 | Reached XP level 13. HP: 116/116 MP: 12/12
 11283 | Spider:1 | Reached skill level 15 in Shields
 11689 | Orc:1    | Entered Level 1 of the Orcish Mines
 11790 | Orc:1    | Found a roughly hewn altar of Beogh.
 12079 | Orc:1    | Found a bloodstained altar of Trog.
 12711 | Orc:2    | Identified a scroll of acquirement
 12714 | Orc:2    | Got a shimmering hat
 12720 | Orc:2    | Identified the +3 hat "Plog" {rElec MP+9} (You acquired it on level 2 of the Orcish Mines)
 12781 | Orc:3    | Found a staircase to the Elven Halls.
 12915 | Orc:3    | Found a roughly hewn altar of Beogh.
 13299 | Orc:4    | Entered Level 4 of the Orcish Mines
 13324 | Orc:4    | Noticed Nessos
 13333 | Orc:4    | Noticed Maud
 13338 | Orc:4    | Killed Nessos
 13338 | Orc:4    | Reached skill level 5 in Dodging
 13350 | Orc:4    | Killed Maud
 13528 | Orc:4    | Noticed Saint Roka
 13853 | D:11     | Reached skill level 15 in Maces & Flails
 14460 | D:12     | Gained mutation: You are frail (-10% HP). [mutagenic meat]
 14503 | D:12     | Reached skill level 16 in Shields
 14679 | D:12     | Gained mutation: You are agile. (Dex +2) [potion of mutation]
 14679 | D:12     | Gained mutation: You are resistant to hostile enchantments. [potion of mutation]
 14885 | D:13     | Reached XP level 14. HP: 99/114 MP: 13/13
 15497 | D:13     | Gained mutation: You have a pair of large horns on your head. [mutagenic meat]
 15499 | D:13     | Lost mutation: You are frail (-10% HP). [mutagenic meat]
 15627 | D:13     | Found a gate to the Vaults.
 17799 | Lair:6   | Reached skill level 17 in Shields
 19418 | Lair:7   | Found a staircase to the Slime Pits.
 19429 | Lair:7   | Reached XP level 15. HP: 137/137 MP: 15/15
 19742 | Lair:8   | Entered Level 8 of the Lair of Beasts
 20642 | Lair:8   | Reached skill level 18 in Shields
 21427 | Spider:2 | Noticed Arachne
 21446 | Spider:2 | Killed Arachne
 21682 | Elf:1    | Entered Level 1 of the Elven Halls
 21684 | Elf:1    | Noticed Azrael
 21701 | Elf:1    | Killed Azrael
 22496 | Elf:1    | Found Cuntu's Jewellery Emporium.
 22632 | Elf:1    | Reached XP level 16. HP: 147/147 MP: 16/16
 23123 | Elf:2    | Reached skill level 19 in Shields
 23228 | Elf:2    | Noticed Aizul
 23245 | Elf:2    | Killed Aizul
 23603 | Elf:2    | Found a runed door.
 23626 | Elf:2    | Found a runed door.
 23636 | Elf:2    | Noticed a deep elf blademaster
 23642 | Elf:2    | Killed a deep elf blademaster
 23644 | Elf:2    | Noticed Wiglaf
 23658 | Elf:2    | Noticed Louise
 23866 | Elf:1    | Upgraded the game from 0.17-a0-1583-g2df49ec to 0.17-a0-1591-g7a45446
 23900 | Elf:1    | Killed Wiglaf
 23978 | Elf:2    | Killed Louise
 23978 | Elf:2    | Reached skill level 15 in Fighting
 24405 | Elf:3    | Entered Level 3 of the Elven Halls
 24441 | Elf:3    | Found Guixom's Magic Scroll Emporium.
 24449 | Elf:3    | Bought a scroll of identify for 32 gold pieces
 24449 | Elf:3    | Bought a scroll of identify for 32 gold pieces
 24449 | Elf:3    | Bought a scroll of identify for 32 gold pieces
 24746 | Elf:3    | Noticed a deep elf master archer
 24760 | Elf:3    | Killed a deep elf master archer
 25062 | Shoals:1 | Entered Level 1 of the Shoals
 25062 | Shoals:1 | Found Jibuommyut's Food Shoppe.
 25082 | Shoals:1 | Reached skill level 20 in Shields
 25094 | Shoals:1 | Noticed Kirke
 25128 | Shoals:1 | Killed Kirke
 25705 | Shoals:2 | Found Robuasty's Jewellery Boutique.
 25713 | Shoals:2 | Noticed Polyphemus
 25723 | Shoals:2 | HP: 3/149 [siren/trident (6)]
 25724 | Shoals:2 | Mangled by a snapping turtle

Vault maps used:
D:1:      onia_arrival_handbag, serial_bayou_crossing
D:2:      grunt_temple_overflow_open, first_bread
D:3:      uniq_iyjb
D:4:      minmay_temple_entry_statues_pillars, serial_shops,
          nicolae_shop_behind_doors, kennysheep_dice, uniq_edmund,
          uniq_eustachio, uniq_blork_the_orc, uniq_pikel
D:5:      black_bear_nest_1, lemuel_angel_altar
D:6:      lemuel_crystal_altar, serial_shops, shop, uniq_sigmund
D:7:      serial_shops, shop_fountains
D:8:      minmay_lair_entry_grove
D:9:      uniq_grum
D:10:     zombieorc1_lemuel, serial_shops, shop, nicolae_shop_behind_doors,
          kennysheep_little_box, shop, nicolae_shop_behind_doors, uniq_urug,
          uniq_nergalle
D:13:     grunt_vaults_entry_fortified, hangedman_ranch
Temple:   triangle_lava_temple_11
Lair:1:   lemuel_fruit_fields
Lair:2:   serial_bayou_ford_a, st_stairs_10, minmay_lair_oklob_bushes
Lair:3:   shoals_dummy_entry, spider_nest_entry_a, uniq_sonja, uniq_rupert
Lair:5:   serial_bayou_pond_c, kilobyte_rumbling_trees, lemuel_fruit_tree
Lair:7:   minmay_slime_entry_oklob_open
Lair:8:   grunt_lair_end_beastmaster, patterned_corridor
Shoals:1: serial_shops, nicolae_shop_stone, uniq_kirke
Shoals:2: serial_shops, shop, uniq_polyphemus
Spider:1: lemuel_spider_zombies, uniq_frances
Spider:2: spiders_nest_scorpion_pit, nicolae_spider_circle_web, uniq_jorgrun,
          uniq_agnes, uniq_arachne
Orc:1:    basic_altar, trog_butcher_becter
Orc:2:    library_closet
Orc:3:    basic_altar, nicolae_orc_pool_cavern
Orc:4:    grunt_orc_cross, uniq_nessos, uniq_maud, uniq_saint_roka
Elf:1:    eino_elf_arrival_sip, serial_shops, shop_statue,
          minmay_elf_crystal_hexagon, uniq_azrael
Elf:2:    moated_statue, uniq_louise, uniq_wiglaf, uniq_aizul
Elf:3:    minmay_elf_hall_golems, serial_shops, shop

Action                   |  1- 3 |  4- 6 |  7- 9 | 10-12 | 13-15 | 16-18 || total
-------------------------+-------+-------+-------+-------+-------+-------++-------
Melee: Flail             |   115 |   114 |   340 |   710 |  1350 |   429 ||  3058
Evoke: Wand              |       |       |     3 |     6 |     2 |     3 ||    14
       Fan of gales      |       |       |       |     1 |     1 |     1 ||     3
       Deck              |       |       |       |       |     1 |     1 ||     2
       Lamp of fire      |       |       |       |       |     1 |     2 ||     3
       Disc of storms    |       |       |       |       |     1 |       ||     1
  Use: Potion            |       |     1 |     1 |     6 |     4 |     3 ||    15
       Scroll            |       |       |     9 |    10 |    36 |     8 ||    63
 Stab: Paralysed         |       |       |     3 |       |       |       ||     3
  Eat: Chunk             |       |     4 |     9 |    14 |    38 |     9 ||    74
       Meat ration       |       |       |     1 |       |       |       ||     1
       Pizza             |       |       |       |     2 |       |       ||     2
       Fruit             |       |       |       |     3 |     5 |       ||     8
